Map: Romanticide LE

Players

cure

  • Race: Terran Terran

LiquidClem (Clem) - Winner!

  • Race: Terran Terran
  • League: Bronze

Event: TSL 7

VOD

Have the link to the VOD?

Description

Time

  • Played on: June 19, 2021, 10:35 a.m.
  • Length: 7:44

All games in this series

Show
View Real Time Build Order
Export as new Build Order

cure Terran 

Build Orders:  

Get SALT Encoding   

  12  0:00  SCV  
  13  0:14  Supply Depot  
  13  0:18  SCV  
  14  0:37  Barracks  
  14  0:41  Refinery  
  14  0:53  Barracks  
  14  0:58  SCV  
  15  1:10  SCV  
  16  1:24  Reaper  
  16  1:25  Orbital Command  
  17  1:31  Refinery  
  17  1:41  Reaper  
  18  1:51  SCV  
  19  1:54  Supply Depot  
  19  1:59  Reaper  
  20  2:03  SCV  
  21  2:13  Reaper  
  22  2:15  SCV  
  23  2:31  Reaper, SCV  
  25  2:44  SCV  
  25  2:45  Reaper  
  25  2:47  Factory  
  27  2:56  SCV  
  27  2:57  Supply Depot  
  27  3:11  SCV  
  26  3:23  SCV  
  24  3:35  Command Center  
  24  3:36  Hellion  
  24  3:37  SCV  
  27  3:46  Starport  
  27  3:52  SCV  
  28  3:58  Hellion  
  30  4:04  SCV, Barracks  
  32  4:19  Hellion  
  32  4:23  Starport Tech Lab  
  32  4:24  SCV  
  34  4:36  SCV  
  35  4:42  Raven  
  35  4:45  Factory Tech Lab  
  37  4:47  Barracks Reactor  
  37  4:49  Orbital Command, SCV  
  38  4:54  Barracks Tech Lab  
  38  5:02  SCV  
  38  5:03  Cyclone  
  42  5:10  Supply Depot  
  42  5:14  SCV, Marine  
  43  5:15  Stimpack  
  43  5:17  SCV  
  45  5:24  Marine x2  
  45  5:25  Raven  
  49  5:29  SCV x2  
  49  5:33  Supply Depot  
  49  5:34  Supply Depot  
  51  5:41  Siege Tank  
  54  5:51  SCV, Marine  
  54  5:55  SCV, Marine x2  
  54  5:56  Supply Depot  
  57  6:07  SCV  
  57  6:08  Marine  
  57  6:09  SCV  
  56  6:12  Marine x2  
  53  6:19  SCV  
  53  6:21  SCV  
  55  6:29  Marine  
  55  6:30  Marine x2  
  58  6:42  Medivac  
  59  6:47  Marine  
  59  6:48  Marine  
  59  6:53  Siege Tank  
  64  7:05  Marine  
Show
View Real Time Build Order
Export as new Build Order

LiquidClem Terran - Winner!

Build Orders:  

Get SALT Encoding   

  12  0:00  SCV  
  13  0:12  SCV  
  14  0:16  Supply Depot  
  14  0:24  SCV  
  15  0:38  SCV  
  15  0:40  Barracks  
  16  0:45  Refinery  
  16  0:50  SCV  
  16  0:53  Refinery  
  17  1:02  SCV  
  18  1:14  SCV  
  19  1:26  Reaper  
  19  1:27  Orbital Command  
  19  1:28  Supply Depot  
  20  1:42  Factory  
  20  1:51  Bunker  
  20  1:58  Marine  
  20  2:00  SCV  
  22  2:13  SCV  
  23  2:16  Marine  
  24  2:25  SCV  
  24  2:26  Hellion  
  27  2:34  Marine  
  27  2:37  SCV  
  28  2:47  Hellion  
  30  2:52  Marine  
  30  2:55  Command Center  
  31  3:02  SCV  
  30  3:11  Starport  
  30  3:14  Hellion  
  31  3:24  Supply Depot  
  31  3:30  Barracks Tech Lab  
  31  3:35  Factory Tech Lab  
  31  3:46  SCV  
  32  3:54  Cyclone  
  35  3:58  SCV  
  35  3:59  Marine  
  35  4:02  Raven  
  39  4:10  SCV  
  39  4:11  Orbital Command  
  39  4:15  Refinery  
  40  4:17  Marine  
  40  4:22  SCV  
  42  4:27  Siege Tank  
  45  4:32  Supply Depot  
  45  4:33  Orbital Command  
  45  4:34  SCV  
  45  4:35  Marine  
  47  4:47  SCV  
  47  4:52  Viking  
  48  4:53  Barracks Reactor  
  48  4:59  SCV x2  
  50  5:07  Command Center  
  50  5:11  SCV, Siege Tank  
  54  5:15  SCV  
  54  5:20  Supply Depot  
  55  5:23  SCV  
  55  5:27  SCV  
  57  5:35  SCV  
  58  5:37  Supply Depot  
  58  5:38  Viking  
  58  5:39  Refinery, SCV, Marine  
  58  5:42  Viking  
  64  5:49  SCV  
  63  5:51  SCV  
  63  5:54  Siege Tank  
  67  5:57  Marine  
  67  5:58  Supply Depot  
  67  6:01  SCV  
  67  6:03  SCV  
  67  6:13  SCV, Viking  
  67  6:15  Marine  
  67  6:16  Viking  
  68  6:25  SCV  
  69  6:30  Siege Tank  
  69  6:31  Orbital Command  
  69  6:32  SCV  
  73  6:33  Marine  
  74  6:42  SCV  
  74  6:44  Liberator  
  74  6:46  Viking  
  80  6:49  Orbital Command  
  80  6:51  Marine  
  81  6:58  Barracks  
  81  6:59  Barracks  
  81  7:01  SCV  
  81  7:02  SCV  
  81  7:06  Siege Tank  
  86  7:09  Marine  
  86  7:10  Supply Depot  
  87  7:16  SCV  
  87  7:20  SCV  
Tags
 
Event
TSL 7
League
Bronze
Matchup
TvT
Player
ClemCure
Race
Terran
Add a new tag
Caveats
  • Supply blocks, unpowered buildings, or Contaminate may cause inaccurate times.
  • Supply counts are checked every 10 seconds.